 Dungeon Crawl Stone Soup version 0.21.1-1-g345015f (webtiles) character file.

962 xccam the Carver (level 8, -1/64 HPs)
             Began as a Hill Orc Monk on Mar 25, 2018.
             Was a Follower of Ru.
             Slain by an ogre
             ... wielding a +0 giant spiked club
              (22 damage)
             ... on level 5 of the Dungeon.
             The game lasted 00:09:39 (4708 turns).

xccam the Carver (Hill Orc Monk)                    Turns: 4708, Time: 00:09:40

Health: -1/64      AC: 11    Str: 16    XL:     8   Next: 15%
Magic:  8/8        EV:  8    Int: 10    God:    Ru [*.....]
Gold:   339        SH:  0    Dex: 13    Spells: 7/7 levels left

rFire    + . .     SeeInvis .   a - +0 falchion
rCold    . . .     Gourm    .   (no shield)
rNeg     . . .     Faith    .   t - +0 chain mail
rPois    .         Spirit   .   w - +0 helmet (curse)
rElec    .         Reflect  .   (no cloak)
rCorr    .         Harm     .   (no gloves)
MR       .....                  (no boots)
Stlth    ..........             (no amulet)
HPRegen  0.20/turn              j - ring of protection from fire
MPRegen  0.11/turn              (no ring)

@: no scrolls
A: inability to read while threatened
a: Renounce Religion


You were on level 5 of the Dungeon.
You worshipped Ru.
Ru was aware of your devotion.
You were not hungry.

You visited 2 branches of the dungeon, and saw 6 of its levels.

You collected 339 gold pieces.

Inventory:

Hand Weapons
 a - a +0 falchion (weapon)
Armour
 i - a +0 plate armour
 s - a +0 shield
 t - a +0 chain mail (worn)
 w - a cursed +0 helmet (worn)
Jewellery
 j - a ring of protection from fire (left hand)
 m - a +3 ring of protection {unknown}
 p - an uncursed ring of flight
Wands
 b - a wand of scattershot (6)
 y - a wand of flame (28)
Scrolls
 d - 2 scrolls of identify
 e - 2 scrolls of enchant weapon {unknown}
 g - a scroll of amnesia {unknown}
 h - 3 scrolls of teleportation {unknown}
 l - 2 scrolls of enchant armour {unknown}
 n - 2 scrolls of magic mapping {unknown}
 o - a scroll of fog {unknown}
 q - 3 scrolls of remove curse {unknown}
 r - a scroll of random uselessness {unknown}
 v - a scroll of blinking {unknown}
Potions
 f - a potion of heal wounds
 k - 2 potions of curing
 u - a potion of haste {unknown}
 x - 2 potions of brilliance
Comestibles
 c - 8 rations


   Skills:
 - Level 3.6 Fighting
 + Level 8.4 Long Blades
 + Level 6.1 Armour
 - Level 2.4 Dodging
 - Level 1.5 Stealth


You had 7 spell levels left.
You didn't know any spells.

Dungeon Overview and Level Annotations

Branches:
Dungeon (5/15)             Temple (1/1) D:4

Altars:
Ashenzari
Dithmenos
Elyvilon
Fedhas
Qazlal
Ru
Trog
Xom
Yredelemnul
Zin
The Shining One


Innate Abilities, Weirdness & Mutations

You cannot read scrolls while threatened.


Message History

You are too injured to fight recklessly!
You are too injured to fight recklessly!
You are too injured to fight recklessly!
You are too injured to fight recklessly!
You are too injured to fight recklessly!
You are too injured to fight recklessly!
You are too injured to fight recklessly!
You are too injured to fight recklessly!
You are too injured to fight recklessly!
You barely miss the ogre.
The ogre is severely wounded.
The ogre closely misses you.
You riposte.
Your chain mail prevents you from hitting the ogre.
The ogre is severely wounded.
You hit the ogre.
The ogre is severely wounded.
You hit the ogre.
The ogre is almost dead.
The ogre hits you with a giant spiked club!!
You die...

##### .# ###### #...##.#
..... #......# # #..# #
... ..##.####..###
##.###O##..........<).#
#.....@..#.##.####..#.#
..#.........##.####..#.#
##.##................. #
#...####.#######.#
#.##)..### #....
#........# #.#.#
..####..#.## ###..
........#.# ###
..####....# ####


You could see an ogre.

Vanquished Creatures
  Sigmund (D:3)
  Eustachio (D:4)
  6 crimson imps
  2 hounds (D:4)
  3 orc priests (D:4)
  4 orc wizards
  A worker ant (D:4)
  5 adders
  An ooze (D:1)
  4 worms
  4 dart slugs
  3 leopard geckos
  8 orcs
  A ball python (D:3)
  3 giant cockroaches
  8 goblins
  7 hobgoblins
  10 kobolds
  3 quokkas
  5 bats
  4 frilled lizards
  A jackal skeleton (D:4)
  6 rats
91 creatures vanquished.

Vanquished Creatures (others)
  A worker ant (D:4)
1 creature vanquished.

Grand Total: 92 creatures vanquished

Notes
Turn   | Place    | Note
-------+----------+-------------------------------------------
     0 | D:1      | xccam the Hill Orc Monk began the quest for the Orb.
     0 | D:1      | Reached XP level 1. HP: 19/19 MP: 1/1
   122 | D:1      | Reached XP level 2. HP: 26/26 MP: 2/2
   149 | D:1      | Reached skill level 4 in Long Blades
   524 | D:2      | Reached XP level 3. HP: 29/31 MP: 3/3
   800 | D:2      | Reached skill level 5 in Long Blades
   843 | D:2      | Found a basalt altar of Yredelemnul.
   934 | D:2      | Found a glowing golden altar of the Shining One.
   946 | D:2      | Reached XP level 4. HP: 15/39 MP: 4/4
  1730 | D:3      | Reached skill level 1 in Armour
  1771 | D:3      | Reached XP level 5. HP: 14/45 MP: 5/5
  2013 | D:3      | Noticed Sigmund
  2069 | D:3      | Killed Sigmund
  2069 | D:3      | Reached skill level 6 in Long Blades
  2069 | D:3      | Reached XP level 6. HP: 28/51 MP: 6/6
  2612 | D:4      | Noticed Eustachio
  2783 | D:4      | Killed Eustachio
  2783 | D:4      | Reached skill level 7 in Long Blades
  2783 | D:4      | Reached XP level 7. HP: 17/57 MP: 7/7
  3489 | D:4      | Reached skill level 5 in Armour
  3538 | D:4      | Found a staircase to the Ecumenical Temple.
  3568 | Temple   | Entered the Ecumenical Temple
  3692 | Temple   | Became a worshipper of Ru the Awakened
  3707 | D:4      | Gained mutation: You cannot read scrolls while threatened. [Ru sacrifice]
  3707 | D:4      | Reached * piety under Ru
  4071 | D:4      | Reached skill level 8 in Long Blades
  4181 | D:4      | Found a shimmering altar of Xom.
  4243 | D:4      | Reached XP level 8. HP: 38/64 MP: 8/8
  4586 | D:5      | Entered Level 5 of the Dungeon
  4708 | D:5      | Slain by an ogre

Skill      XL: |  1  2  3  4  5  6  7  8 |
---------------+-------------------------+-----
Long Blades    | 4 5 6 7 8 |  8.4
Armour         | 1 3 4 5 6 |  6.1
Fighting       | |  3.6
Dodging        | |  2.4
Stealth        | |  1.5

Action                   |  1- 3 |  4- 6 |  7- 9 || total
-------------------------+-------+-------+-------++-------
Melee: Falchion          |    98 |   254 |   379 ||   731
Invok: Sacrifice Words   |       |       |     1 ||     1
  Use: Potion            |       |    12 |       ||    12
       Scroll            |       |     1 |       ||     1
 Stab: Sleeping          |     6 |       |       ||     6
       Invisible         |       |     1 |     5 ||     6
  Eat: Chunk             |       |     6 |     4 ||    10
       Ration            |       |       |     1 ||     1
Armor: Robe              |    15 |     3 |       ||    18
       Chain mail        |       |   199 |   197 ||   396
Dodge: Dodged            |    78 |   127 |   136 ||   341
       Rpst.: Falchion   |    22 |    40 |    39 ||   101
